 Dungeon Sprint DCSS version 0.31-a0-986-g5e6e4ef867 (webtiles) character file.

Game seed: 1454588768891548249

79 rocky1 the Ruffian (level 4, -16/32 HPs)
             Began as a Djinni Shapeshifter on Nov 13, 2023.
             Was an Initiate of Gozag.
             Demolished by a two-headed ogre
             ... wielding a +0 giant club
              (20 damage)
             ... in the Dungeon (Sprint IX: "|||||||||||||||||||||||||||||").
             The game lasted 00:01:14 (354 turns).

rocky1 the Ruffian (Djinni Shapeshifter)             Turns: 354, Time: 00:01:15

Health: -16/32     AC: 10    Str: 18    XL:     4   Next: 62%
Gold:   0          EV:  6    Int: 15    God:    Gozag SH:  0 Dex: 12

rFire   + +          .
                       - Unarmed
rCold   x . .        (no shield)
rNeg    . . .        m - +0 plate armour
rPois   ∞            (helmet currently unavailable)
rElec   .            (cloak currently unavailable)
rCorr   .            (gloves currently unavailable)
SInv    .            (boots unavailable)
Will    .....        (no amulet) Stlth
                     o - +3 ring of intelligence
HPRegen 0.25/turn    n - +3 ring of strength
MPRegen 0.00/turn

%: no teleportation, infuse magic (-17 HP)
@: beast-form, flying, invisible
A: beast (slay +2), flying, sickness immunity, fire resistance 2, cold
vulnerability 1, float, innate caster, HP casting, extra vitality 1
a: Begin Untransformation, Renounce Religion, Potion Petition, Call Merchant,
Bribe Branch


You were in the Dungeon.
You worshipped Gozag.
Gozag was noncommittal.
You were a hulking beast.
You visited 1 branch

Inventory:

Armour
 a - a +0 animal skin
 k - a +0 cloak
 l - a +0 pair of gloves
 m - a +0 plate armour (worn)
Jewellery
 n - a +3 ring of strength (right hand)
 o - a +3 ring of intelligence (left hand)
Talismans
 c - a beast talisman
 d - a flux talisman
Wands
 j - a wand of roots (10)
Scrolls
 i - 2 scrolls of blinking
Potions
 e - 5 potions of curing
 f - 2 potions of heal wounds
 g - a potion of haste
 h - a potion of berserk rage


   Skills:
 * Level 1.4 Fighting
 + Level 4.0 Dodging
 + Level 5.9 Unarmed Combat
 + Level 5.2 Shapeshifting


You knew the following spells:

 Your Spells              Type           Power      Damage    Failure   Level
a - Sandblast             Erth           0%         2d4       100%        1
Your spell library was empty.


Dungeon Overview and Level Annotations

Branches:
Dungeon (1/1)

Altars:
Cheibriados
Dithmenos
Elyvilon
Fedhas
Gozag
Hepliaklqana
Makhleb
Nemelex Xobeh
Okawaru
Qazlal
Ru
Trog
Uskayaw
Wu Jian
Xom
Yredelemnul
Zin
The Shining One
Jiyva
Lugonu


Innate Abilities, Weirdness & Mutations

You are a hulking beast.
Your limbs bulge with bestial killing power. (Slay +2)
You are flying.
You are immune to sickness and miasma.
You are immune to poison.
Your flesh is very heat resistant. (rF++)
You are vulnerable to cold. (rC-)
You float through the air rather than walking.
You learn spells naturally, not from books.
Your magical power is your life essence.
You have superior vitality. (+4 MHP)


Message History

Okay, then.
n - a +3 ring of strength
o - a +3 ring of intelligence You feel clever.
o - a +3 ring of intelligence (left hand)
You feel stronger.
n - a +3 ring of strength (right hand) Unknown command.
Okay, then.
You reach down and open the door.
A kobold brigand, a wight, a yak, a gargoyle, a troll and a two-headed ogre come into view.
The kobold brigand is wielding a +0 club and quivering poisoned darts.
The wight is wielding a +3 halberd of freezing.
The kobold brigand shouts!
The yak bellows!
The troll shouts!
The two-headed ogre shouts in stereo!
You fade into invisibility!
The two-headed ogre barely misses you. x2
The gargoyle hurls a stone arrow at you.
The stone arrow misses the troll.
The stone arrow hits the two-headed ogre!
The two-headed ogre shouts in stereo!
Unknown command.
You strike the helpless two-headed ogre from behind!
You hit the two-headed ogre.
The two-headed ogre is moderately wounded.
The gargoyle hurls a stone arrow at the two-headed ogre.
The stone arrow hits the troll!!
The two-headed ogre hits you but does no damage.
The two-headed ogre hits you with a +0 giant spiked club.
The troll shouts!
You punch the two-headed ogre!
The two-headed ogre is heavily wounded.
You barely miss the two-headed ogre.
The two-headed ogre is heavily wounded.
The two-headed ogre hits you with a +0 giant club!!
Ouch! That really hurt!
* * * LOW HITPOINT WARNING * * *
The two-headed ogre hits you with a +0 giant spiked club!!
Ouch! That really hurt!
You die...
Your body crumbles into a pile of gold. ▓▓▓▓▓▓▓▓▓▓▓▓▓▓▓▓▓▓▓▓▓▓▓▓ .KzY9TOh.....)?!'_______ ▓▓▓▓▓▓▓▓▓▓▓▓▓▓▓▓▓▓▓▓▓▓▓▓

You could see a two-headed ogre (unable to see you), a yak (unable to see you), a troll (unable to see you), a gargoyle (unable to see you), a kobold brigand (unable to see you) and a wight (unable to see you).

Vanquished Creatures
  A hound (D)
  An iguana (D)
  An adder (D)
  A shadow imp (D)
  A bat (D)
  2 quokkas (D)
  2 ball pythons (D)
  A rat (D)
10 creatures vanquished.

Notes
Turn   | Place    | Note
-------+----------+-------------------------------------------
     0 | D        | rocky1 the Djinni Shapeshifter began the quest for the Orb.
     0 | D        | Reached XP level 1. HP: 17/17 MP: 0/0
    18 | D        | Noticed an iguana
    18 | D        | Noticed a hound
    26 | D        | Reached XP level 2. HP: 4/22 MP: 0/0
    33 | D        | Reached skill level 5 in Unarmed Combat
    33 | D        | Reached XP level 3. HP: 27/27 MP: 0/0
    33 | D        | Learned a level 1 spell: Sandblast
    35 | D        | Reached skill level 5 in Shapeshifting
    35 | D        | Reached XP level 4. HP: 32/32 MP: 0/0
   274 | D        | Found a snail-covered altar of Cheibriados.
   274 | D        | Found a shadowy altar of Dithmenos.
   274 | D        | Found a white marble altar of Elyvilon.
   274 | D        | Found a blossoming altar of Fedhas.
   274 | D        | Found an opulent altar of Gozag.
   275 | D        | Found a hazy altar of Hepliaklqana.
   276 | D        | Found a viscous altar of Jiyva.
   278 | D        | Found a corrupted altar of Lugonu.
   279 | D        | Found a burning altar of Makhleb.
   280 | D        | Found a sparkling altar of Nemelex Xobeh.
   281 | D        | Found an iron altar of Okawaru.
   282 | D        | Found a stormy altar of Qazlal.
   283 | D        | Found a sacrificial altar of Ru.
   285 | D        | Found a bloodstained altar of Trog.
   286 | D        | Found a hide-covered altar of Uskayaw.
   292 | D        | Became a worshipper of Gozag Ym Sagoz the Greedy
   299 | D        | Found an ornate altar of the Wu Jian Council.
   300 | D        | Found a shimmering altar of Xom.
   301 | D        | Found a basalt altar of Yredelemnul.
   302 | D        | Found a glowing silver altar of Zin.
   303 | D        | Found a glowing golden altar of the Shining One.
   350 | D        | Noticed a kobold brigand
   350 | D        | Noticed a wight
   350 | D        | Noticed a yak
   350 | D        | Noticed a gargoyle
   350 | D        | Noticed a troll
   350 | D        | Noticed a two-headed ogre
   354 | D        | Demolished by a two-headed ogre

Illustrated notes

Levels and vault maps discovered:
D:        linesprint [early_d, line_temple, items_1, d_10, items_2, lair_1,
          lair_end, items_3, orc_1, orc_end, items_4, d_15, swamp_1, shoals_1,
          snake_1, spider_1, d_20, vaults_1, items_5, swamp_end, shoals_end,
          snake_end, spider_end, vaults_end, d_27, items_6, zot_1, zot_end,
          crypt_end, forest_end, elf_end, slime_end, tomb_end, abyss_end,
          pan_hell_end]

Skill      XL: |  1  2  3  4 |
---------------+-------------+-----
Shapeshifting  | 3 4 5 |  5.2
Unarmed Combat | 4 5 |  5.9
Dodging        | 3 4 |  4.0
Fighting       | |  1.4

Action                     |  1- 3 |  4- 6 || total
---------------------------+-------+-------++-------
  Melee: Unarmed           |    22 |     8 ||    30
    Use: Potion            |     2 |     1 ||     3
   Stab: Invisible         |       |     1 ||     1
 Armour: Animal skin       |     4 |       ||     4
         Skin              |     7 |     3 ||    10
         Plate armour      |       |     4 ||     4
  Dodge: Dodged            |    16 |     3 ||    19

Table legend: (Time is in decaauts)
 A = Elapsed time spent in this place.
 B = Non-inter-level travel time spent in this place.
 C = Inter-level travel time spent in this place.
 D = Time resting spent in this place.
 E = Time spent auto-exploring this place.
 F = Levels seen in this place.
 G = Mean time per level.
                   A        B        C        D        E       F      G
               +--------+--------+--------+--------+--------+-----+--------+
         Total |    350 |    350 |      0 |    228 |      0 |   1 |  350.0 |
       Dungeon |    350 |    350 |      0 |    228 |      0 |   1 |  350.0 |
               +--------+--------+--------+--------+--------+-----+--------+

Top non-repeatable levels by time:
       D: 350 daAuts
